 Dungeon Crawl Stone Soup version 0.25-a0-517-gf8b3a32422 (webtiles) character file.

Game seed: 13972912349975493116, levelgen mode: classic

9044 EnegeticOcto the Cleaver (level 11, -9/104 HPs)
             Began as a Deep Dwarf Fighter on Feb 17, 2020.
             Was an Elder of Makhleb.
             Mangled by a slime creature (10 damage)
             ... on level 9 of the Dungeon.
             The game lasted 00:03:54 (4954 turns).

EnegeticOcto the Cleaver (Deep Dwarf Fighter)       Turns: 4954, Time: 00:03:55

Health: -9/104     AC: 17    Str: 22    XL:     11   Next: 17%
Magic:  6/6        EV:  9    Int: 10    God:    Makhleb [****..]
Gold:   438        SH: 11    Dex: 12    Spells: 10/10 levels left

rFire    + . .     SeeInvis .   w - +5 war axe
rCold    . . .     Gourm    .   c - +0 kite shield
rNeg     . . .     Faith    .   d - +2 chain mail {rF+}
rPois    .         Spirit   .   i - +0 helmet
rElec    .         Reflect  .   m - +1 cloak
rCorr    .         Harm     .   (no gloves)
MR       +....                  (no boots)
Stlth    ..........             (no amulet)
HPRegen  0.00/turn              a - +1 ring of protection
MPRegen  0.10/turn              (no ring)

@: very slightly contaminated, non-regenerating, invisible
A: damage resistance, heal wounds, sense surroundings 2, no regeneration
a: Heal Wounds, Minor Destruction, Lesser Servant of Makhleb, Major Destruction,
Renounce Religion


You were on level 9 of the Dungeon.
You worshipped Makhleb.
Makhleb was greatly pleased with you.
You were not hungry.

You visited 1 branch of the dungeon, and saw 9 of its levels.

You collected 438 gold pieces.

Inventory:

Hand Weapons
 w - a +5 war axe (weapon)
Armour
 b - a +0 scale mail
 c - a +0 kite shield (worn)
 d - a +2 chain mail of fire resistance (worn)
 i - a +0 helmet (worn)
 m - a +1 cloak (worn)
Jewellery
 a - a +1 ring of protection (left hand)
 x - an uncursed ring of ice {unknown}
Wands
 p - a wand of clouds (6)
 t - a wand of disintegration (19)
 u - a wand of acid (10) {@V1}
 v - a wand of paralysis (9)
Scrolls
 f - 3 scrolls of immolation {@r4}
 j - 6 scrolls of identify {@r1}
 n - 2 scrolls of remove curse {@r6}
 q - a scroll of enchant armour
 s - a scroll of teleportation {@r2}
Potions
 g - 3 potions of heal wounds {@q2}
 h - 4 potions of curing {@q1}
 k - 3 potions of might {@q3}
 l - a potion of flight
Comestibles
 e - 14 rations
 r - 50 chunks of flesh


   Skills:
 * Level 8.7 Fighting
 * Level 9.9 Axes
 + Level 7.5 Armour
 + Level 6.5 Dodging
 + Level 7.6 Shields
 + Level 7.5 Invocations


You had 10 spell levels left.
You didn't know any spells.
Your spell library contained the following spells:

 Spells                   Type           Power        Failure   Level  Hunger
 Magic Dart               Conj           #...         100%        1    ##.....
 Blink                    Tloc           N/A          100%        2    ###....
 Call Imp                 Summ           #.......     100%        2    ###....
 Slow                     Hex            #.......     100%        2    ###....
 Confusing Touch          Hex            #.......     100%        3    ####...
 Conjure Flame            Conj/Fire      #.......     100%        3    ####...
 Gell's Gravitas          Tloc           #.........   100%        3    ####...
 Mephitic Cloud           Conj/Pois/Air  #.......     100%        3    ####...
 Petrify                  Tmut/Erth      #.......     100%        4    #####..
 Metabolic Englaciation   Hex/Ice        #.........   100%        5    ######.
 Yara's Violent Unravell  Hex/Tmut       #.........   100%        5    ######.


Dungeon Overview and Level Annotations

Branches:
Dungeon (9/15)             Temple (0/1) D:7
   Lair: D:8-11         Orc: D:9-12

Altars:
Ashenzari
Cheibriados
Fedhas
Makhleb
Trog
Zin

Shops:
D:9 (

Annotations:
D:9 1 transporter


Innate Abilities, Weirdness & Mutations

You are resistant to damage.
You can heal yourself by infusing magical energy.
You passively map the area around you.
You do not regenerate.


Message History

r - 28 chunks of flesh (gained 2)
Items here: ( )))) [[[ ÷÷÷ x2
You butcher the iguana corpse.
r - 31 chunks of flesh (gained 3)
You butcher the troll corpse.
r - 35 chunks of flesh (gained 4)
Things that are here:
an iguana skeleton; a troll skeleton
Things that are here:
an iguana skeleton; a troll skeleton
Items here: ))) [[[ ††† You butcher the orc corpse.
r - 36 chunks of flesh (gained 1)
You butcher the orc corpse.
r - 38 chunks of flesh (gained 2)
You butcher the orc corpse.
r - 39 chunks of flesh (gained 1)
Items here: ))) [[[ ÷÷÷ x2
Items here: ))) [[ †† You butcher the orc corpse.
r - 40 chunks of flesh (gained 1)
You butcher the orc corpse.
r - 44 chunks of flesh (gained 4)
Items here: ))) [[ ÷÷ x2
Items here: ))) [[[ †† You butcher the orc corpse.
r - 48 chunks of flesh (gained 4)
You butcher the orc corpse.
r - 50 chunks of flesh (gained 2)
Items here: ))) [[[ ÷÷ x2
Found a transporter.
Found a chain mail.
The slime creature quivers. x2
The slime creature quivers.
Found a thin runed staff.
The slime creature quivers. x3
Found a transporter.
There is a transporter here.
The slime creature quivers.
Two slime creatures merge to form a large slime creature.
A slime creature suddenly becomes a very large slime creature.
You see here a chain mail.
x - a wooden ring You see here a chain mail.
The slime creature quivers.
The slime creature quivers.
There is a transporter here.
You enter the transporter and appear at another place.
The slime creature quivers.
The slime creature hits you but does no damage.
Two slime creatures merge to form a large slime creature.
Two slime creatures merge to form a very large slime creature.
The slime creature hits you. You block the slime creature's attack.
A large slime creature splits.
The slime creature hits you!
Two slime creatures merge to form a large slime creature.
The slime creature hits you but does no damage.
You fade into invisibility!
The slime creature barely misses you.
A very large slime creature splits.
The slime creature hits you.
Two slime creatures merge to form a very large slime creature.
You are very lightly contaminated with residual magic.
Okay, then.
You slash the slime creature!
The slime creature is moderately wounded.
You hit the slime creature.
You slash the very large slime creature!
You slash the slime creature! You block the slime creature's attack.
The slime creature hits you! The slime creature barely misses you.
A large slime creature splits.
The slime creature closely misses you.
The slime creature quivers.
You slash the slime creature!
The slime creature is heavily wounded.
You catch the helpless slime creature completely off-guard!
You slash the slime creature!
You slash the very large slime creature!
You slash the slime creature!
The slime creature quivers. x2
The slime creature hits you but does no damage.
Two slime creatures merge to form an enormous slime creature.
You block the slime creature's attack.
Two slime creatures merge to form a large slime creature.
You catch the helpless large slime creature completely off-guard!
You hit the large slime creature.
The large slime creature is moderately wounded.
You slash the slime creature! You slash the enormous slime creature!
The slime creature quivers.
You block the slime creature's attack.
You block the enormous slime creature's attack.
You slash the slime creature!
The slime creature is heavily wounded.
You slash the large slime creature! You slash the slime creature!
You slash the enormous slime creature!
The slime creature quivers.
The slime creature hits you!
A large slime creature splits.
The enormous slime creature hits you!!!
Ouch! That really hurt!
* * * LOW HITPOINT WARNING * * *
The slime creature hits you!
You die...

.# #.........# #. * * .###
#.........# #. *## # * ##_##
#.........# #.##.## #. *
#.#.####.....#######.....##... ,
...#.#......##!###=##.[......#*
.#...###...##$.#©#:.##...####.*
..#.####...#.........#...####
#..###.##..###.JJJ.###......# *.#
.#..##.##.©##.J.@JJ%##©..##.# #.
..#..#.###.###.....###...##.# #.
...#.#.###.#.......|.#...##.####.
##..##.....##..#.#!.###........##
##.###.#######.###©## #####.##.##
...#.#.# ### ##########.##.#.
..##.#.# .........##..) .......#
*###########.#) ..####.# #.##


You could see an enormous slime creature and 5 slime creatures.

Vanquished Creatures
  A centaur warrior (D:9)
  2 two-headed ogres (D:8)
  A cyclops (D:5)
  2 trolls
  Grinder (D:5)
  The ghost of kae the Insei, an amateur DsGl (D:5)
  A hippogriff (D:8)
  4 yaks (D:9)
  4 hogs (D:7)
  A human (D:7)
  Menkaure (D:4)
  Edmund (D:6)
  2 ice beasts
  4 orc warriors (D:9)
  2 phantoms
  A sky beast (D:9)
  3 necrophages
  3 ogres
  4 centaurs
  A crocodile (D:7)
  A big kobold (D:5)
  4 bullfrogs
  A scorpion (D:9)
  4 killer bees (D:8)
  9 wights
  3 howler monkeys
  2 crimson imps
  A bullfrog zombie (D:7)
  A bullfrog skeleton (D:7)
  5 jellies
  10 orc wizards
  9 orc priests
  2 hounds (D:6)
  A centaur skeleton (D:8)
  3 iguanas
  7 worker ants
  A hound skeleton (D:4)
  A worker ant zombie (D:6)
  8 gnolls
  5 adders
  2 shadow imps
  2 oozes
  An adder skeleton (D:7)
  3 adder zombies
  A worm (D:4)
  A dart slug (D:6)
  4 leopard geckos
  24 orcs
  2 goblins
  A hobgoblin (D:3)
  10 jackals
  4 kobolds
  3 quokkas
  3 frilled lizards (D:1)
  A jackal skeleton (D:6)
  A leopard gecko skeleton (D:4)
  A quokka zombie (D:5)
  3 rats
185 creatures vanquished.

Vanquished Creatures (others)
  An orc wizard (D:4)
1 creature vanquished.

Grand Total: 186 creatures vanquished

Notes
Turn   | Place    | Note
-------+----------+-------------------------------------------
     0 | D:1      | EnegeticOcto the Deep Dwarf Fighter began the quest for the
                  | Orb.
     0 | D:1      | Reached XP level 1. HP: 20/20 MP: 1/1
    66 | D:1      | Reached XP level 2. HP: 27/27 MP: 2/2
   269 | D:3      | Reached XP level 3. HP: 28/34 MP: 3/3
   288 | D:4      | Found a bloodstained altar of Trog.
   312 | D:4      | Noticed Menkaure
   325 | D:4      | Killed Menkaure
   325 | D:4      | Reached skill level 3 in Axes
   325 | D:4      | Reached skill level 1 in Dodging
   325 | D:4      | Reached XP level 4. HP: 25/44 MP: 3/3
   325 | D:4      | Reached XP level 5. HP: 29/50 MP: 4/4
   330 | D:4      | Found a burning altar of Makhleb.
   333 | D:4      | Became a worshipper of Makhleb the Destroyer
   615 | D:4      | Reached skill level 4 in Axes
   615 | D:4      | Reached skill level 1 in Invocations
   622 | D:4      | Reached XP level 6. HP: 43/57 MP: 2/2
  1158 | D:5      | Entered Level 5 of the Dungeon
  1358 | D:5      | Noticed Grinder
  1378 | D:5      | Paralysed by Grinder for 4 turns
  1386 | D:5      | Reached XP level 7. HP: 66/66 MP: 2/2
  1388 | D:5      | Paralysed by Grinder for 4 turns
  1399 | D:5      | Killed Grinder
  1399 | D:5      | Reached skill level 5 in Axes
  1436 | D:5      | Reached * piety under Makhleb
  1746 | D:5      | Found a runed translucent door.
  1746 | D:5      | Noticed a cyclops
  1746 | D:5      | Noticed kae's ghost (amateur DsGl)
  1947 | D:5      | Killed kae's ghost
  1947 | D:5      | Reached skill level 5 in Fighting
  1947 | D:5      | Reached skill level 5 in Shields
  1947 | D:5      | Reached XP level 8. HP: 67/74 MP: 3/3
  1955 | D:5      | Killed a cyclops
  1955 | D:5      | Reached skill level 6 in Axes
  1955 | D:5      | Reached skill level 5 in Armour
  2151 | D:6      | Noticed Edmund
  2184 | D:6      | Killed Edmund
  2187 | D:6      | Reached ** piety under Makhleb
  2325 | D:6      | Gained mutation: You passively map the area around you.
                  | [Deep Dwarf growth]
  2325 | D:6      | Reached XP level 9. HP: 75/82 MP: 5/5
  2451 | D:6      | Found a snail-covered altar of Cheibriados.
  2594 | D:7      | Reached skill level 7 in Axes
  2601 | D:7      | Noticed a troll
  2618 | D:7      | Killed a troll
  2618 | D:7      | Reached skill level 5 in Invocations
  2728 | D:7      | Found a shattered altar of Ashenzari.
  2728 | D:7      | Found a blossoming altar of Fedhas.
  2869 | D:7      | Found a staircase to the Ecumenical Temple.
  2987 | D:7      | Reached skill level 5 in Dodging
  3061 | D:7      | Reached skill level 8 in Axes
  3407 | D:8      | Reached XP level 10. HP: 91/94 MP: 6/6
  3512 | D:8      | Reached *** piety under Makhleb
  3616 | D:8      | Noticed a two-headed ogre
  3636 | D:8      | Killed a two-headed ogre
  3690 | D:8      | Noticed a two-headed ogre
  3717 | D:8      | Killed a two-headed ogre
  3717 | D:8      | Reached skill level 9 in Axes
  4368 | D:9      | Found a snail-covered altar of Cheibriados.
  4726 | D:9      | Found a glowing silver altar of Zin.
  4755 | D:9      | Reached **** piety under Makhleb
  4778 | D:9      | Found Subriw's Weapon Boutique.
  4867 | D:9      | Noticed a centaur warrior
  4876 | D:9      | Reached XP level 11. HP: 97/104 MP: 6/6
  4893 | D:9      | Killed a centaur warrior
  4925 | D:9      | Found a transporter.
  4934 | D:9      | Found a transporter.
  4954 | D:9      | HP: 1/104 [enormous slime creature (61)]
  4954 | D:9      | Mangled by a slime creature

Levels and vault maps discovered:
D:1:      minmay_arrival_five_plusses, layout_basic
D:2:      layout_loops_ring, old_standard_altar, zin_statuary,
          chequers_serial_rivers_micro_c
D:3:      layout_loops_corners, first_ration, minmay_pentangle
D:4:      layout_basic, kennysheep_mini, trog_three_pillars_becter,
          uniq_menkaure
D:5:      layout_basic, ebering_ghost_inner_flame, minmay_misc_feat_iff,
          uniq_grinder
D:6:      layout_rooms, kennysheep_slug_shrine, uniq_edmund
D:7:      layout_basic, nicolae_overflow_crystal_walls,
          minmay_temple_entry_proselytizer, serial_undead, serial_undead_e,
          serial_undead_c, serial_undead_b, serial_undead_c, serial_undead_d,
          serial_undead_f, basic_altar, grunt_livestock
D:8:      layout_basic
D:9:      gammafunk_jiyva_shrine, layout_loops_corners,
          chequers_temple_overflow_minitemple, marbit_many_paths, basic_altar,
          serial_shops, nicolae_shop_temple_entry_statues_fountains,
          minmay_diamond_spiral

Skill      XL: |  1  2  3  4  5  6  7  8  9 10 |
---------------+-------------------------------+-----
Fighting       | 3 4 5 6 7 8 |  8.7
Axes           | 3 4 5 6 8 9 |  9.9
Dodging        | 1 2 3 4 5 6 |  6.5
Shields        | 4 5 6 7 |  7.6
Armour         | 4 5 6 7 |  7.5
Invocations    | 1 2 3 4 6 7 |  7.5

Action                   |  1- 3 |  4- 6 |  7- 9 | 10-12 || total
-------------------------+-------+-------+-------+-------++-------
Melee: War axe           |    58 |   131 |   368 |   296 ||   853
 Abil: Heal Wounds       |     3 |     8 |     9 |     8 ||    28
  Use: Scroll            |       |       |    14 |     1 ||    15
       Potion            |       |       |       |     1 ||     1
 Stab: Invisible         |       |       |       |     2 ||     2
  Eat: Chunk             |       |     2 |     7 |     6 ||    15
Armor: Scale mail        |    22 |    74 |    28 |       ||   124
       Chain mail        |       |       |   155 |   170 ||   325
Dodge: Dodged            |    21 |    75 |   112 |   138 ||   346
Block: Kite shield       |    27 |    98 |   180 |   232 ||   537

Table legend:
 A = Non-vault XP
 B = Vault XP
 C = Vault XP percentage of total XP
 D = Non-vault monster count
 E = Vault monster count
 F = Vault count percentage of total count
                 A         B        C        D         E       F
            +---------+---------+-------+---------+---------+-------
      Total |    8635 |    4285 |  33.2 |     162 |      24 |  12.9
            +---------+---------+-------+---------+---------+-------
        D:1 |      16 |       0 |   0.0 |       8 |       0 |   0.0
        D:2 |      19 |       0 |   0.0 |       3 |       0 |   0.0
        D:3 |       9 |       0 |   0.0 |       5 |       0 |   0.0
        D:4 |     393 |     172 |  30.4 |      18 |       1 |   5.3
        D:5 |     322 |    1123 |  77.7 |      16 |       3 |  15.8
        D:6 |     826 |     168 |  16.9 |      30 |       2 |   6.2
        D:7 |     967 |    1497 |  60.8 |      15 |      13 |  46.4
        D:8 |    3059 |       0 |   0.0 |      27 |       0 |   0.0
        D:9 |    3024 |    1325 |  30.5 |      40 |       5 |  11.1
            +---------+---------+-------+---------+---------+-------
